 Dungeon Crawl Stone Soup version 0.29-a0-676-ga64570c9d2 (webtiles) character file.

Game seed: 5959908102658415698

621 snilloc the Conjurer (level 7, -12/36 HPs)
             Began as a Deep Elf Air Elementalist on June 24, 2022.
             Mangled by an ogre
             ... wielding a +0 giant club
              (24 damage)
             ... on level 6 of the Dungeon on June 27, 2022.
             The game lasted 00:09:51 (4849 turns).

snilloc the Conjurer (Deep Elf Air Elementalist)    Turns: 4849, Time: 00:09:53

Health: -12/36     AC:  3    Str:  5    XL:     7   Next: 22%
Magic:  5/13       EV: 15    Int: 20    God:
Gold:   186        SH:  0    Dex: 17    Spells: 5/12 levels left

rFire   . . .      SeeInvis .   s - +2 quarterstaff (spect)
rCold   . . .      Faith    .   (shield currently unavailable)
rNeg    . . .      Spirit   .   a - +0 robe
rPois   .          Reflect  .   k - +0 helmet
rElec   .          Harm     .   (no cloak)
rCorr   .          Rampage  .   (no gloves)
Will    .....                   (no boots)
Stlth   ++........              (no amulet)
HPRegen 0.12/turn               (no ring)
MPRegen 0.13/turn               (no ring)

@: very slightly contaminated
A: no striking features
a: no special abilities


You were on level 6 of the Dungeon.
You visited 1 branch of the dungeon, and saw 5 of its levels.

You collected 186 gold pieces.

Inventory:

Hand Weapons
 s - a +2 spectral quarterstaff (weapon)
Armour
 a - a +0 robe (worn)
 k - a +0 helmet (worn)
Wands
 n - a wand of light (19)
Scrolls
 d - 3 scrolls of teleportation {unknown}
 e - 3 scrolls of identify {unknown}
 g - 2 scrolls of noise {unknown}
 i - a scroll of fear {unknown}
 q - 2 scrolls of blinking {unknown}
 t - a scroll of brand weapon {unknown}
Potions
 b - a potion of magic
 c - a potion of lignification {unknown}
 f - a potion of haste {unknown}
 h - a potion of cancellation {unknown}
 j - 3 potions of curing {unknown}
 l - 2 potions of mutation {unknown}
 m - 2 potions of attraction {unknown}
 o - a potion of ambrosia {unknown}
 p - a potion of flight {unknown}
 r - a potion of brilliance {unknown}


   Skills:
 + Level 5.9 Dodging
 - Level 2.4 Stealth
 - Level 3.0 Spellcasting
 * Level 7.0 Conjurations
 - Level 3.0 Air Magic


You had 5 spell levels left.
You knew the following spells:

 Your Spells              Type           Power      Damage    Failure   Level
a - Shock                 Conj/Air       92%        1d8       1%          1
b - Static Discharge      Conj/Air       23%        N/A       2%          2
c - Airstrike             Air            7%         N/A       38%         4

Your spell library contained the following spells:

 Spells                   Type           Power      Damage    Failure   Level
 Swiftness                Air            15%        N/A       12%         3
 Animate Armour           Summ/Erth      6%         N/A       80%         4
 Blade Hands              Tmut           1%         N/A       98%         5
 Iron Shot                Conj/Erth      8%         9d3       99%         6


Dungeon Overview and Level Annotations

Branches:
Dungeon (6/15)             Temple (0/1) D:5

Altars:
Elyvilon
Makhleb
Ru
Wu Jian


Message History

Your +2 spectral quarterstaff hits the scorpion!
You kill the scorpion!
You have reached level 7!
Found a stone staircase leading down.
There is a stone staircase leading down here.
Found a stone staircase leading down.
There is a stone staircase leading down here.
A phantom comes into view.
You hit the phantom but do no damage.
Your +2 spectral quarterstaff hits the phantom!!
The phantom hits you!
The phantom blinks!
You blink.
You swap places.
The phantom hits you.
You hit the phantom.
The phantom is severely damaged.
Your +2 spectral quarterstaff hits the phantom!
You destroy the phantom!
Your Conjurations skill increases to level 7!
An ogre comes into view. It is wielding a +0 giant club.
An ogre is nearby!
Casting: Shock (safe; 1% risk of failure)
Confirm with . or Enter, or press ? or * to list all spells.
The spell is extremely dangerous to miscast (38% risk of failure)!
Continue anyway?
Aiming: Airstrike (extremely dangerous; 38% risk of failure)
Press: ? - help, Dir - move target, f - ogre
Aim: an ogre, wielding a +0 giant club (wandering, hasn't noticed you, empty space bonus: 5/8)
You miscast Airstrike.
You are very lightly contaminated with residual magic.
The wind whips around you!
The ogre shouts!
A phantom comes into view.
Casting: Airstrike (extremely dangerous; 38% risk of failure)
Confirm with . or Enter, or press ? or * to list all spells.
The spell is extremely dangerous to miscast (38% risk of failure)!
Continue anyway?
Aiming: Airstrike (extremely dangerous; 38% risk of failure)
Press: ? - help, Dir - move target, f/p - ogre
Aim: an ogre, wielding a +0 giant club (empty space bonus: 5/8)
You miscast Airstrike.
Electricity courses through your body!
The ogre hits you with a +0 giant club!!
Ouch! That really hurt!
You die...

... #. ###########
#. ..........# #.
..........# #.
..........### #.
.W.......... #.
..........# #.
......O...# #.
############ #@#
#. ...........#
#.# #.
##########.#
#.###############.
# #.#
#.................
# #.#
##################
# #.# # #.# # #.#
#### # #.# #...


You could see an ogre and a phantom.

Vanquished Creatures
  A water moccasin (D:6)
  A phantom (D:6)
  A necrophage (D:6)
  A scorpion (D:6)
  3 electric eels (D:6)
  A hound (D:6)
  A gnoll shaman (D:6)
  2 jellies
  3 adders
  4 gnolls (D:6)
  2 dart slugs
  An orc (D:5)
  2 endoplasms (D:1)
  2 giant cockroaches
  A kobold (D:2)
  4 quokkas
  4 ball pythons
  2 bats (D:1)
  2 frilled lizards
  4 rats (D:1)
42 creatures vanquished.

Vanquished Creatures (others)
  A plant (D:6)
1 creature vanquished.

Grand Total: 43 creatures vanquished

Notes
Turn   | Place    | Note
-------+----------+-------------------------------------------
     0 | D:1      | snilloc the Deep Elf Air Elementalist began the quest for
                  | the Orb.
     0 | D:1      | Reached XP level 1. HP: 10/10 MP: 6/6
   512 | D:1      | Reached skill level 2 in Conjurations
   513 | D:1      | Reached XP level 2. HP: 15/15 MP: 5/8
  1224 | D:2      | Reached XP level 3. HP: 14/19 MP: 4/9
  1682 | D:2      | Reached skill level 3 in Conjurations
  1896 | D:3      | You fall into a shaft and drop 2 floors!
  1896 | D:5      | Entered Level 5 of the Dungeon
  1959 | D:5      | Learned a level 2 spell: Static Discharge
  2051 | D:5      | Found a glowing drain.
  2244 | D:5      | Found a white marble altar of Elyvilon.
  2318 | D:5      | Reached XP level 4. HP: 24/24 MP: 4/10
  2397 | D:5      | Found a staircase to the Ecumenical Temple.
  2737 | D:5      | Found an ornate altar of the Wu Jian Council.
  2749 | D:5      | Found a burning altar of Makhleb.
  2804 | D:5      | Found a sacrificial altar of Ru.
  3017 | D:6      | Reached skill level 4 in Conjurations
  3194 | D:6      | Reached XP level 5. HP: 8/28 MP: 4/11
  3640 | D:6      | Reached skill level 5 in Conjurations
  3997 | D:6      | Learned a level 4 spell: Airstrike
  3999 | D:6      | Reached XP level 6. HP: 32/32 MP: 3/12
  4237 | D:6      | Reached skill level 5 in Dodging
  4464 | D:6      | Noticed a water moccasin
  4467 | D:6      | Killed a water moccasin
  4468 | D:6      | Reached skill level 6 in Conjurations
  4679 | D:6      | Reached XP level 7. HP: 36/36 MP: 10/13
  4745 | D:6      | Reached skill level 7 in Conjurations
  4849 | D:6      | Mangled by an ogre

Illustrated notes

Levels and vault maps discovered:
D:1:      elethiomel_arrival_maze, layout_rooms, chequers_mini_garden,
          moated_statue
D:2:      layout_basic, grunt_decor_arrowhead, chequers_serial_rivers_small_3
D:3:      layout_basic, kennysheep_generic_room_3
D:5:      layout_loops_ring, nicolae_overflow_quartered_altars,
          minmay_temple_entry_grid, gup_sewer_entry_glass
D:6:      layout_basic, serial_bayou_lagoon_b

Skill      XL: |  1  2  3  4  5  6  7 |
---------------+----------------------+-----
Conjurations   | 2 3 4 5 6 7 |  7.0
Dodging        | 3 4 5 |  5.9
Stealth        | |  2.4
Spellcasting   | |  3.0
Air Magic      | |  3.0

Action                   |  1- 3 |  4- 6 |  7- 9 || total
-------------------------+-------+-------+-------++-------
Melee: Unarmed           |     2 |     4 |       ||     6
       Quarterstaff      |       |     2 |     2 ||     4
 Cast: Shock             |    75 |    29 |       ||   104
       Static Discharge  |       |    13 |       ||    13
       Airstrike         |       |     8 |       ||     8
Armor: Robe              |     4 |     1 |       ||     5
Dodge: Dodged            |    13 |    22 |       ||    35

Table legend: (Time is in decaauts)
 A = Elapsed time spent in this place.
 B = Non-inter-level travel time spent in this place.
 C = Inter-level travel time spent in this place.
 D = Time resting spent in this place.
 E = Time spent auto-exploring this place.
 F = Levels seen in this place.
 G = Mean time per level.
                   A        B        C        D        E       F      G
               +--------+--------+--------+--------+--------+-----+--------+
         Total |   4863 |   4752 |    111 |   1021 |   3276 |   5 |  972.6 |
       Dungeon |   4863 |   4752 |    111 |   1021 |   3276 |   5 |  972.6 |
               +--------+--------+--------+--------+--------+-----+--------+

Top non-repeatable levels by time:
     D:6: 2031 daAuts
     D:1: 940 daAuts
     D:2: 934 daAuts
     D:5: 929 daAuts
     D:3: 27 daAuts
